 Dungeon Crawl Stone Soup version 0.31-a0-232-gb1c03b2570 (webtiles) character file.

Game seed: 4999387913059248548

30233 chunkyMonkey the Protected (level 13, -2/101 HPs)
             Began as a Mummy Fighter on July 6, 2023.
             Was a High Priest of Okawaru.
             Slain by a blink frog (14 damage)
             ... on level 5 of the Lair of Beasts on July 7, 2023.
             The game lasted 00:27:46 (15225 turns).

chunkyMonkey the Protected (Mummy Fighter)         Turns: 15225, Time: 00:27:47

Health: -2/101     AC: 20    Str: 21    XL:     13   Next: 19%
Magic:  26/26      EV: 11    Int: 12    God:    Okawaru [*****.]
Gold:   1016       SH: 14    Dex: 22    Spells: 31/31 levels left

rFire   . . .        A - +8 war axe "Pego" {flame, Dex+5}
rCold   + . .        f - +0 kite shield
rNeg    + + +        H - +3 chain mail {rC+}
rPois   ∞            b - +2 hat {SInv}
rElec   .            G - +0 cloak of Asceticism {rPois Int+2 Dex+5}
rCorr   .            (no gloves)
SInv    +            (no boots)
Will    +....        (no amulet)
Stlth   +            c - +4 ring of slaying
HPRegen 0.36/turn    C - ring of fire
MPRegen 0.20/turn

%: faith
@: about to teleport, heroic, studying Shields
A: cold resistance 1, negative energy resistance 3, torment resistance 2, heat
vulnerability 1, in touch with death 2, no potions, faith
a: Renounce Religion, Heroism, Finesse, Duel


You were on level 5 of the Lair of Beasts.
You worshipped Okawaru.
Okawaru was extremely pleased with you.
You visited 3 branches of the dungeon, and saw 15 of its levels.
You also visited: Ossuary.

You collected 1016 gold pieces.

Inventory:

Hand Weapons
 a - a -1 demon whip of venom
 u - a +2 dagger of draining
 v - the +4 war axe "Zuyclecw" {elec, *Slow Str+3 SInv}
   (You found it on level 6 of the Dungeon)

   Str:       It affects your strength (+3).
   SInv:      It lets you see invisible.
   *Slow:     It may slow you when you take damage.
 w - a +2 vampiric short sword
 x - a +4 trident of protection
 A - the +8 war axe "Pego" (weapon) {flame, Dex+5}
   (You found it on level 7 of the Dungeon)

   Dex:       It affects your dexterity (+5).
Missiles
 h - 61 poisoned darts
 s - 6 curare-tipped darts
Armour
 b - a +2 hat of see invisible (worn)
 f - a +0 kite shield (worn)
 l - a scarf of invisibility
 o - a scarf of repulsion
 F - +0 acid dragon scales
 G - the +0 cloak of Asceticism (worn) {rPois Int+2 Dex+5}
   (Okawaru gifted it to you on level 1 of the Lair of Beasts)

   Int:       It affects your intelligence (+2).
   Dex:       It affects your dexterity (+5).
   rPois:     It protects you from poison.
 H - a +3 chain mail of cold resistance (worn)
Jewellery
 c - a +4 ring of slaying (left hand)
 n - a ring of wizardry
 y - a ring of willpower
 B - a ring of flight
 C - a ring of fire (right hand)
Wands
 i - a wand of mindburst (13)
 m - a wand of flame (41)
 r - a wand of acid (4)
 t - a wand of polymorph (5)
 z - a wand of roots (10)
Scrolls
 d - 2 scrolls of fear
 e - 4 scrolls of amnesia
 g - 4 scrolls of blinking
 j - 2 scrolls of identify
 k - 3 scrolls of fog
 p - 5 scrolls of teleportation
 q - 2 scrolls of enchant weapon
 E - a scroll of poison


   Skills:
 + Level 9.2(14.2) Fighting
 * Level 10.3(15.3) Axes
 * Level 10.4(15.4) Armour
 + Level 8.9(13.9) Shields
 + Level 9.9 Spellcasting
 - Level 3.0 Invocations
 - Level 2.0 Evocations


You had 31 spell levels left.
You didn't know any spells.
Your spell library contained the following spells:

 Spells                   Type           Power      Damage    Failure   Level
 Ensorcelled Hibernation  Hex/Ice        10%        N/A       75%         2
 Passwall                 Tmut/Erth      4%         N/A       75%         2
 Ozocubu's Armour         Ice            5%         N/A       93%         3
 Swiftness                Air            5%         N/A       93%         3
 Ozocubu's Refrigeration  Ice            2%         4d8       100%        7
 Beastly Appendage        Tmut           Unusable   N/A       N/A         1
 Wereblood                Tmut           Unusable   N/A       N/A         2
 Spider Form              Tmut/Pois      Unusable   N/A       N/A         3

Dungeon Overview and Level Annotations

Branches:
Dungeon (9/15)             Temple (1/1) D:6            Lair (5/5) D:8
 Shoals (0/4) Lair:2        Snake (0/4) Lair:2      Ossuary (visited)
  Slime: Lair:4-5       Orc: D:9-12

Altars:
Ashenzari
Dithmenos
Fedhas
Makhleb
Okawaru
Qazlal
Ru
Uskayaw
Yredelemnul

Annotations:
D:7 1 runed translucent door, Crazy Yiuf


Innate Abilities, Weirdness & Mutations

You are immune to poison.
Your flesh is cold resistant. (rC+)
You are immune to negative energy. (rN+++)
You are immune to unholy pain and torment.
You are vulnerable to heat. (rF-)
You are strongly in touch with the powers of death.
You do not drink.
You have a special connection with the divine. (Faith)


Message History

You kill the black mamba!
Okawaru accepts your kill. The elephant closely misses you.
The elephant trunk-slaps you but does no damage.
The blink frog hits you but does no damage.
The cane toad stings you but does no damage.
The blink frog blinks!
As you read the scroll of teleportation, it crumbles to dust.
You feel strangely unstable. You block the blink frog's attack.
The hornet stings you. The elephant misses you.
The elephant trunk-slaps you but does no damage.
You block the cane toad's attack.
The blink frog blinks!
You block the blink frog's attack.
The cane toad stings you but does no damage.
The hornet stings you.
* * * LOW HITPOINT WARNING * * *
The blink frog barely misses you.
The blink frog blinks!
You slice the blink frog!! You burn the blink frog.
You kill the blink frog!
Okawaru accepts your kill.
You slice the cane toad!! You burn the cane toad!
You kill the cane toad!
Okawaru accepts your kill.
You slash the hornet! You burn the hornet. You slice the elephant!!
You burn the elephant! You hit the wyvern. You burn the wyvern.
You kill the wyvern!
Okawaru accepts your kill. You block the hornet's attack.
You block the elephant's attack.
The elephant trunk-slaps you but does no damage.
You miss the hornet.
The hornet is heavily wounded.
You hit the elephant. You burn the elephant.
You hit the elephant but do no damage. You miss the blink frog.
The blink frog hits you but does no damage.
The hornet stings you!
* * * LOW HITPOINT WARNING * * *
The elephant tramples you!
* * * LOW HITPOINT WARNING * * *
You stumble backwards!
The blink frog hits you!
You die...

..........P# ##
............##.#
................
............P
##.........P
#.........#
#........###
#P....§F@..##
###...YyYF..#
#....†Y.....#
#.##..Y......# #
##.#P#.....#
..P.###....
...P.. ##..
........ ##
...#......


You could see 4 elephants, 2 blink frogs and a hornet.

Vanquished Creatures
  5 hydras (Lair:3)
  A catoblepas (Lair:4)
  2 boulder beetles
  A two-headed ogre (D:9)
  A fire crab (Lair:3)
  Amaemon (Lair:3)
  A harpy (Lair:1)
  2 black mambas
  7 elephants
  10 cane toads
  An orange demon (Lair:3)
  7 komodo dragons
  4 rime drakes
  2 polar bears
  A hornet (D:9)
  A troll (D:9)
  7 dream sheep
  11 blink frogs
  19 yaks
  6 wyverns
  3 basilisks
  Edmund (D:6)
  3 nagas (Lair:2)
  An acid dragon (D:9)
  12 water moccasins
  A sky beast (D:6)
  5 black bears
  An ogre (D:5)
  2 centaurs
  A wolf (Lair:3)
  5 boggarts (D:9)
  A phantom (D:5)
  2 kobold brigands
  13 bullfrogs
  2 gnoll sergeants
  A scorpion (D:6)
  A necrophage (D:4)
  10 killer bees
  7 howler monkeys
  An electric eel (Lair:2)
  8 hounds
  4 orc priests
  A gnoll bouda (D:8)
  A sleepcap (D:5)
  3 iguanas (D:5)
  5 orc wizards
  A hound skeleton (D:4)
  12 mummies (Ossuary)
  Robin (D:1)
  12 gnolls
  11 adders
  A shadow imp (D:6)
  3 ufetubi (D:5)
  3 dart slugs
  16 orcs
  7 ball pythons
  7 bats
  6 endoplasms
  4 giant cockroaches
  13 goblins
  11 hobgoblins
  3 jackals (D:4)
  7 quokkas
  9 frilled lizards
  2 gnoll skeletons (Ossuary)
  2 goblin skeletons (Ossuary)
  19 kobolds
  2 kobold skeletons (Ossuary)
  2 orc skeletons (Ossuary)
  3 rats
  11 rat skeletons (Ossuary)
353 creatures vanquished.

Vanquished Creatures (others)
  An ogre (D:5)
1 creature vanquished.

Grand Total: 354 creatures vanquished

Notes
Turn   | Place    | Note
-------+----------+-------------------------------------------
     0 | D:1      | chunkyMonkey the Mummy Fighter began the quest for the Orb.
     0 | D:1      | Reached XP level 1. HP: 18/18 MP: 1/1
    54 | D:1      | Reached XP level 2. HP: 24/24 MP: 2/2
   460 | D:1      | Gained mutation: You are in touch with the powers of death.
                  | [Mummy growth]
   460 | D:1      | Reached XP level 3. HP: 25/29 MP: 4/4
   917 | D:2      | Noticed Robin
   926 | D:1      | Killed Robin
   927 | D:1      | Reached skill level 1 in Spellcasting
  1151 | D:2      | Reached XP level 4. HP: 28/35 MP: 5/5
  1596 | D:3      | Reached XP level 5. HP: 29/41 MP: 7/7
  2075 | D:3      | Upgraded the game from 0.31-a0-229-g1fc7ce93e2 to
                  | 0.31-a0-232-gb1c03b2570
  2753 | D:4      | Found a sand-covered staircase.
  2758 | Ossuary  | Entered an ossuary
  2909 | Ossuary  | Reached XP level 6. HP: 47/48 MP: 9/9
  3447 | D:4      | Found a burning altar of Makhleb.
  3458 | D:4      | Reached skill level 1 in Evocations
  4005 | D:5      | Entered Level 5 of the Dungeon
  4020 | D:5      | Reached XP level 7. HP: 54/54 MP: 11/11
  4554 | D:5      | Reached XP level 8. HP: 61/61 MP: 13/13
  4852 | D:5      | Found a shadowy altar of Dithmenos.
  5156 | D:5      | Reached skill level 5 in Armour
  5501 | D:6      | Reached skill level 5 in Fighting
  5501 | D:6      | Reached skill level 5 in Axes
  5522 | D:6      | Found a blossoming altar of Fedhas.
  5543 | D:6      | Found a staircase to the Ecumenical Temple.
  5698 | Temple   | Entered the Ecumenical Temple
  5706 | Temple   | Became a worshipper of Warmaster Okawaru
  5892 | D:6      | Found a hide-covered altar of Uskayaw.
  5893 | D:6      | Noticed Edmund
  5901 | D:6      | Killed Edmund
  5906 | D:6      | Identified the +4 war axe "Zuyclecw" {elec, *Slow Str+3
                  | SInv}
  5966 | D:6      | Reached * piety under Okawaru
  5967 | D:6      | Reached XP level 9. HP: 65/68 MP: 16/16
  6418 | D:7      | Reached skill level 1 in Invocations
  6427 | D:7      | Found a stormy altar of Qazlal.
  6633 | D:7      | Identified the +8 war axe "Pego" {flame, Dex+5}
  6654 | D:7      | Reached skill level 5 in Spellcasting
  6684 | D:7      | Found a sacrificial altar of Ru.
  6801 | D:7      | Reached ** piety under Okawaru
  6908 | D:7      | Found a runed translucent door.
  6909 | D:7      | Noticed Crazy Yiuf
  7645 | D:8      | Found a staircase to the Lair.
  8072 | D:9      | Noticed a troll
  8084 | D:9      | Killed a troll
  8084 | D:9      | Reached *** piety under Okawaru
  8085 | D:9      | Reached skill level 5 in Shields
  8085 | D:9      | Reached XP level 10. HP: 65/76 MP: 15/18
  8231 | D:9      | Noticed a two-headed ogre
  8235 | D:9      | Killed a two-headed ogre
  8540 | D:9      | Noticed a boulder beetle
  8997 | D:9      | a boulder beetle changed into a wolf spider
  8997 | D:9      | Noticed a wolf spider
  9006 | D:9      | HP: 3/77 [wolf spider (10)]
  9357 | Lair:1   | Entered Level 1 of the Lair of Beasts
  9357 | Lair:1   | Noticed a cane toad
  9366 | Lair:1   | Killed a cane toad
  9484 | Lair:1   | Reached **** piety under Okawaru
  9497 | Lair:1   | Noticed a boulder beetle
  9568 | Lair:1   | Noticed an elephant
  9580 | Lair:1   | Killed an elephant
  9583 | Lair:1   | Noticed an elephant
  9584 | Lair:1   | Noticed an elephant
  9586 | Lair:1   | Noticed an elephant
  9592 | Lair:1   | Noticed an elephant
  9595 | Lair:1   | Killed an elephant
  9597 | Lair:1   | Killed an elephant
  9597 | Lair:1   | Reached ***** piety under Okawaru
  9597 | Lair:1   | Received a gift from Okawaru
  9598 | Lair:1   | Reached XP level 11. HP: 33/84 MP: 19/21
  9973 | Lair:1   | Killed a boulder beetle
 10267 | Lair:1   | Identified the +0 cloak of Asceticism {rPois Int+2 Dex+5}
                  | (Okawaru gifted it to you on level 1 of the Lair of Beasts)
 10267 | Lair:1   | Received a gift from Okawaru
 10625 | Lair:2   | Noticed a harpy
 10637 | Lair:1   | Killed a harpy
 10751 | Lair:2   | Identified a scroll of acquirement
 10752 | Lair:2   | Acquired a manual of Shields
 11309 | Lair:2   | Noticed a boulder beetle
 11326 | Lair:2   | Killed a boulder beetle
 11459 | Lair:2   | Found a staircase to the Snake Pit.
 11615 | Lair:2   | Found a staircase to the Shoals.
 11766 | Lair:3   | Noticed Amaemon
 11774 | Lair:3   | Killed Amaemon
 11774 | Lair:3   | Received a gift from Okawaru
 11775 | Lair:3   | Reached XP level 12. HP: 92/92 MP: 22/24
 12027 | Lair:3   | Noticed a five-headed hydra
 12036 | Lair:3   | Killed a one-headed hydra
 12373 | Lair:3   | Noticed a four-headed hydra
 12376 | Lair:3   | Killed a one-headed hydra
 12498 | Lair:3   | Noticed a six-headed hydra
 12506 | Lair:3   | Killed a two-headed hydra
 13041 | Lair:3   | Noticed a seven-headed hydra
 13052 | Lair:3   | Noticed a seven-headed hydra
 13053 | Lair:3   | Killed a three-headed hydra
 13062 | Lair:3   | Killed a three-headed hydra
 13063 | Lair:3   | Reached skill level 10 in Armour
 13517 | Lair:3   | Received a gift from Okawaru
 14213 | Lair:4   | Reached skill level 10 in Axes
 14335 | Lair:4   | Gained mutation: You are strongly in touch with the powers
                  | of death. [Mummy growth]
 14335 | Lair:4   | Reached XP level 13. HP: 88/101 MP: 26/26
 15206 | Lair:5   | Entered Level 5 of the Lair of Beasts
 15225 | Lair:5   | Slain by a blink frog

Illustrated notes

Levels and vault maps discovered:
D:1:      tarquinn_simple_flora_water_f, layout_rooms
D:2:      layout_rooms, uniq_robin
D:3:      layout_loops_cross
D:4:      layout_layer_cave, makhleb_blood_cavern_becter,
          nicolae_ossuary_entry_plus
D:5:      minmay_polygon_palace, layout_cave_pools,
          mainiacjoe_overflow_alcove_2, minmay_puff
D:6:      layout_loops_ring, nicolae_overflow_crystal_walls, fedhas_altar_1,
          minmay_temple_entry_glass, uniq_edmund
D:7:      layout_loops_cross, grunt_qazlal_sundering, nicolae_ru_awakened_eye,
          uniq_crazy_yiuf_cottage
D:8:      layout_loops_ring, nicolae_overflow_hidden_temple, lair_entry_dummy
D:9:      layout_stronghold
Temple:   nicolae_temple_superstar
Lair:1:   layout_gridlike, basic_altar, grunt_megastairs_2
Lair:2:   layout_roguey, nicolae_shoals_entry_roost, nicolae_snake_entry_squirm,
          amcnicky_mini_pool_medium
Lair:3:   nzn_winding_woodlands_three_and_one
          [nzn_winding_woodlands_5x15_parted, nzn_winding_woodlands_5x15_eye,
          nzn_winding_woodlands_5x15_jagged,
          nzn_winding_woodlands_center_triple_pond], layout_cave_pods,
          minivault_26, serial_bayou_shore_a, uniq_amaemon
Lair:4:   layout_regular_city
Lair:5:   wormcave, layout_cave_pods, hangedman_lair_tendril_chambers,
          slime_entry_2

Skill      XL: |  1  2  3  4  5  6  7  8  9 10 11 12 |
---------------+-------------------------------------+-----
Axes           | 2 3 4 5 6 7 8 10 | 10.3
Spellcasting   | 1 2 3 4 5 7 8 9 |  9.9
Armour         | 3 4 5 6 7 9 10 | 10.4
Shields        | 3 4 5 7 8 |  8.9
Evocations     | 1 2 |  2.0
Fighting       | 4 5 6 7 8 9 |  9.2
Invocations    | 2 3 |  3.0

Action                     |  1- 3 |  4- 6 |  7- 9 | 10-12 | 13-15 || total
---------------------------+-------+-------+-------+-------+-------++-------
  Melee: War axe           |    99 |   242 |   303 |   364 |    29 ||  1037
  Throw: Throwing net      |       |       |       |     1 |       ||     1
 Invoke: Heroism           |       |       |     1 |     9 |     1 ||    11
  Evoke: Wand              |       |       |     4 |     8 |       ||    12
    Use: Scroll            |     1 |     7 |     3 |     8 |     1 ||    20
   Stab: Distracted        |       |       |       |     1 |       ||     1
 Armour: Scale mail        |    32 |       |       |       |       ||    32
         Plate armour      |    45 |   149 |   222 |   144 |       ||   560
         Chain mail        |       |       |       |    55 |    26 ||    81
  Dodge: Dodged            |    43 |    43 |    63 |    84 |    12 ||   245
  Block: Buckler           |     6 |       |       |       |       ||     6
         Kite shield       |    48 |    93 |   160 |   232 |    29 ||   562

Table legend: (Time is in decaauts)
 A = Elapsed time spent in this place.
 B = Non-inter-level travel time spent in this place.
 C = Inter-level travel time spent in this place.
 D = Time resting spent in this place.
 E = Time spent auto-exploring this place.
 F = Levels seen in this place.
 G = Mean time per level.
                   A        B        C        D        E       F      G
               +--------+--------+--------+--------+--------+-----+--------+
         Total |  15589 |  15187 |    402 |   3550 |   8604 |  16 |  974.3 |
       Dungeon |   8983 |   8691 |    292 |   2054 |   4810 |   9 |  998.1 |
        Temple |     15 |      9 |      6 |      0 |      0 |   1 |   15.0 |
          Lair |   5933 |   5830 |    103 |   1302 |   3666 |   5 | 1186.6 |
       Ossuary |    656 |    656 |      0 |    194 |    128 |   1 |  656.0 |
               +--------+--------+--------+--------+--------+-----+--------+

Top non-repeatable levels by time:
  Lair:3: 2219 daAuts
     D:5: 1561 daAuts
     D:8: 1528 daAuts
  Lair:1: 1397 daAuts
  Lair:4: 1247 daAuts
     D:3: 1189 daAuts
     D:1: 1180 daAuts
  Lair:2: 1052 daAuts
     D:6: 894 daAuts
     D:7: 827 daAuts
     D:4: 728 daAuts
 Ossuary: 656 daAuts
     D:9: 655 daAuts
     D:2: 418 daAuts
  Lair:5: 17 daAuts
